 Dungeon Crawl Stone Soup version 0.18.1-50-g88ac8fd (webtiles) character file.

1232 Korbac the Poker (level 8, -3/74 HPs)
             Began as a Naga Gladiator on Oct 26, 2016.
             Was a Priest of Pakellas.
             Slain by a gnoll
             ... wielding a +0 whip
              (5 damage)
             ... on level 6 of the Dungeon.
             The game lasted 00:27:53 (5836 turns).

Korbac the Poker (Naga Gladiator)                   Turns: 5836, Time: 00:27:53

Health: -3/74      AC:  5    Str: 19 (20) XL:     8   Next: 48%
Magic:  13/18      EV: 11    Int:  6 (8)  God:    Pakellas [***...]
Gold:   363        SH:  0    Dex:  9 (12) Spells: 0 memorised, 7 levels left

rFire  . . .     SeeInvis +     a - +0 trident
rCold  . . .     Gourm    .     b - +0 leather armour
rNeg   . . .     Faith    .     (no shield)
rPois  +         Spirit   .     c - +0 helmet
rElec  .         Dismiss  .     (no cloak)
rCorr  +         Reflect  .     (no gloves)
SustAt .         Harm     .     (no barding)
MR     +....                    (no amulet)
Stlth  +.........               A - ring of magical power
                                t - ring of resist corrosion

@: very slow, somewhat resistant to hostile enchantments, very unstealthy
A: see invisible, deformed body, poison resistance, slowness 2, slow metabolism
1, spit poison 2, AC +2
a: Spit Poison, Quick Charge, Device Surge, Renounce Religion


You were on level 6 of the Dungeon.
You worshipped Pakellas.
Pakellas was most pleased with you.
You were hungry.

You visited 1 branch of the dungeon, and saw 6 of its levels.

You collected 363 gold pieces.

Inventory:

Hand Weapons
 a - a +0 trident (weapon)
 u - a +0 dagger of venom
 w - a +2 antimagic dagger
 D - a +3 long sword
Missiles
 d - a throwing net
 j - 6 javelins (quivered)
Armour
 b - a +0 leather armour (worn)
 c - a +0 helmet (worn)
Jewellery
 n - a cursed ring of loudness
 t - a ring of resist corrosion (left hand)
 A - a ring of magical power (right hand)
Wands
 r - a wand of polymorph (6/24)
 G - a wand of acid (8/15)
Scrolls
 g - a scroll of blinking {unknown}
 o - a scroll of enchant weapon {unknown}
 s - a scroll of immolation
 v - a scroll of remove curse
 x - a scroll of fear {unknown}
 B - 2 scrolls of noise {unknown}
Potions
 e - a potion of flight
 m - a potion of brilliance
 p - 2 potions of curing
 q - a potion of agility {unknown}
 C - a potion of resistance {unknown}
 F - 2 potions of ambrosia
Miscellaneous
 y - a phantom mirror
Comestibles
 f - 4 bread rations
 h - 3 meat rations
 i - a royal jelly
 z - a slice of pizza


   Skills:
 * Level 5.0 Fighting
 * Level 5.5 Polearms
 + Level 3.4 Throwing
 + Level 2.6 Armour
 * Level 5.0 Dodging
 + Level 1.7 Evocations


You had 7 spell levels left.
You didn't know any spells.

Dungeon Overview and Level Annotations

Branches:
Dungeon (6/15)             Temple (0/1) D:6

Altars:
Ashenzari
Dithmenos
Makhleb
Nemelex Xobeh
Pakellas
Qazlal
Xom


Innate Abilities, Weirdness & Mutations

You cannot wear boots.
Your serpentine skin is tough (AC +2).
You have supernaturally acute eyesight.
Armour fits poorly on your strangely shaped body.
Your system is resistant to poisons.
You cover ground very slowly.
You have a slow metabolism.
You can spit poison.


Message History

The gnoll sergeant hits you from afar with a spear!
* * * LOW HITPOINT WARNING * * *
You barely miss the crimson imp. The gnoll hits you but does no damage.
The gnoll closely misses you.
The crimson imp hits you but does no damage.
The gnoll sergeant hits you from afar with a spear.
* * * LOW HITPOINT WARNING * * *
The crimson imp summons a swarm of flies.
The gnoll barely misses you. The crimson imp barely misses you.
Drink which item? (? for menu, Esc to quit)
It was a potion of degeneration.
There was something very wrong with that liquid.
You feel weakened.
You feel dopey.
You feel clumsy. The gnoll barely misses you. The crimson imp hits you.
* * * LOW HITPOINT WARNING * * *
The gnoll sergeant hits you from afar with a spear.
* * * LOW HITPOINT WARNING * * *
The gnoll hits you with a whip.
You die...
Pakellas says: Time to start the next experiment...

#.#########.......#
#####.........#.......#
#...#..#.....§#§§.....#
#...#g(#....gg§§§§....#
+.ggg..#.....§#§§§....#
#..)#..#......#g§§....#
#..###.#..§.§.#g§§....#
#.. #.########g5.....#
... ... #.....@......#
... ....#............#
#. ...##+###.......# #.
.# #.......# #.......#
#.......# #.......#
#.......##
#####...........


You could see a gnoll sergeant, 2 gnolls and a crimson imp.

Vanquished Creatures
  2 ice beasts
  3 ogres
  A centaur (D:5)
  A scorpion (D:4)
  A howler monkey (D:6)
  2 crimson imps
  A hound (D:6)
  A giant frog zombie (D:5)
  A giant frog skeleton (D:4)
  Natasha (thrice) (D:2 D:3)
  An iguana (D:4)
  An orc wizard (D:5)
  2 worker ants (D:4)
  A hound skeleton (D:4)
  Robin (D:3)
  4 gnolls (D:6)
  12 adders
  An adder zombie (D:5)
  2 adder skeletons
  2 worms (D:2)
  A dart slug (D:2)
  2 giant geckos (D:1)
  12 orcs
  A ball python (D:3)
  2 giant cockroaches
  16 goblins
  10 hobgoblins
  9 jackals
  2 quokkas (D:2)
  8 bats
  4 giant newts
  6 kobolds
  9 rats
125 creatures vanquished.

Notes
Turn   | Place    | Note
--------------------------------------------------------------
     0 | D:1      | Korbac the Naga Gladiator began the quest for the Orb.
     0 | D:1      | Reached XP level 1. HP: 19/19 MP: 1/1
    84 | D:1      | Reached XP level 2. HP: 17/26 MP: 2/2
   538 | D:2      | Found a shimmering altar of Xom.
   552 | D:2      | Found a burning altar of Makhleb.
   617 | D:2      | Reached XP level 3. HP: 12/32 MP: 3/3
  1174 | D:2      | Found an oddly glowing altar of Pakellas.
  1233 | D:2      | Noticed Natasha
  1237 | D:2      | Killed Natasha
  1237 | D:2      | Reached XP level 4. HP: 40/40 MP: 4/4
  1281 | D:2      | Became a worshipper of Pakellas the Inventive
  1349 | D:2      | Reached skill level 1 in Armour
  1764 | D:3      | Noticed Natasha
  1771 | D:3      | Killed Natasha
  1771 | D:3      | Reached XP level 5. HP: 29/49 MP: 5/5
  1924 | D:3      | Reached * piety under Pakellas
  1924 | D:3      | Received a gift from Pakellas
  1990 | D:3      | Noticed Natasha
  1995 | D:3      | Killed Natasha
  2056 | D:3      | Noticed Robin
  2076 | D:3      | Killed Robin
  2210 | D:3      | Reached XP level 6. HP: 43/56 MP: 6/6
  2371 | D:3      | Reached ** piety under Pakellas
  2371 | D:3      | Received a gift from Pakellas
  2481 | D:3      | Found a shadowy altar of Dithmenos.
  2481 | D:3      | Found a shattered altar of Ashenzari.
  2481 | D:3      | Found a sparkling altar of Nemelex Xobeh.
  3446 | D:4      | Reached XP level 7. HP: 37/63 MP: 7/7
  3918 | D:5      | Entered Level 5 of the Dungeon
  4465 | D:5      | Reached skill level 5 in Polearms
  4467 | D:5      | Reached *** piety under Pakellas
  4467 | D:5      | Received a gift from Pakellas
  4832 | D:5      | Found a stormy altar of Qazlal.
  4996 | D:5      | Reached skill level 1 in Evocations
  4996 | D:5      | Reached XP level 8. HP: 41/73 MP: 7/8
  5416 | D:6      | Found a staircase to the Ecumenical Temple.
  5561 | D:6      | Reached skill level 5 in Fighting
  5828 | D:6      | Reached skill level 5 in Dodging
  5834 | D:6      | HP: 1/74 [gnoll sergeant/spear (5)]
  5836 | D:6      | Slain by a gnoll

Skill      XL: |  1  2  3  4  5  6  7  8 |
---------------+-------------------------+-----
Throwing       | 2 3 |  3.4
Armour         | 1 2 |  2.6
Fighting       | 3 4 5 |  5.0
Polearms       | 4 5 |  5.5
Dodging        | 3 4 5 |  5.0
Evocations     | 1 |  1.7

Action                   |  1- 3 |  4- 6 |  7- 9 || total
-------------------------+-------+-------+-------++-------
Melee: Trident           |   125 |   235 |   225 ||   585
Throw: Throwing net      |       |     4 |       ||     4
       Javelin           |       |     5 |     4 ||     9
 Abil: Spit Poison       |     1 |       |       ||     1
Evoke: Wand              |       |     3 |     1 ||     4
  Use: Potion            |     3 |       |     9 ||    12
       Scroll            |       |     1 |     7 ||     8
 Stab: Distracted        |     1 |       |     1 ||     2
       Sleeping          |     1 |       |       ||     1
       Held in net/web   |       |     1 |       ||     1
  Eat: Bread ration      |     1 |       |     1 ||     2
       Meat ration       |       |     1 |       ||     1
Armor: Leather armour    |    30 |    76 |    79 ||   185
       Skin              |       |       |    18 ||    18
Dodge: Dodged            |    61 |   108 |   137 ||   306
